[Event "Late-Titled-Tuesday-Blitz-October-24-2023"]
[Site "Chess.com"]
[Date "2023.10.24"]
[Round "3"]
[White "ejalmedina"]
[Black "MikeSailer"]
[Result "0-1"]
[WhiteElo "2325"]
[BlackElo "2055"]
[TimeControl "180+1"]
[EndTime "14:30:18 PDT"]
[Termination "MikeSailer won on time"]

1. e4 d5 2. exd5 Qxd5 3. Nc3 Qd6 4. d4 c6 5. Nf3 Bg4 6. Be2 Nf6 7.
O-O e6 8. h3 Bxf3 9. Bxf3 Nbd7 10. g3 Qc7 11. Bg2 Bd6 12. Ne2 a5 13. c4 O-O 14.
Be3 a4 15. Rc1 Ra5 16. d5 exd5 17. cxd5 Nxd5 18. Bxd5 Rxd5 19. Qxd5 cxd5 20. Rxc7 Bxc7 21. Rd1 Nf6 22. Nc3 Rd8 23. Nxa4 h6 24. Bd4 Nd7 25.
Nc3 Nb8 26. Nb5 Ba5 27. a3 Rd7 28. b4 Bd8 29. Nc3 Nc6 30. Kf1 Kf8 31. Ke2 Ke8 32. Kd3 Nxd4 33. Kxd4 Bf6+ 34. Kd3 Bxc3 35. Kxc3 Ke7 36.
Kd4 Kd6 37. Rc1 Re7 38. Rc5 Re4+ 39. Kd3 b6 40. Rc8 Re1 41. Rd8+ Kc6 42. Rf8 f6 43.
Rf7 Ra1 44. Rxg7 Rxa3+ 45. Kd4 Rb3 46. Rg6 Rxb4+ 47. Kd3 Rb3+ 48. Ke2 Kc5 49. Rxf6 Rb2+ 50. Ke3 b5 0-1

[Event "Late-Titled-Tuesday-Blitz-October-24-2023"]
[Site "Chess.com"]
[Date "2023.10.24"]
[Round "3"]
[White "Beca95"]
[Black "tdf98pantani"]
[Result "0-1"]
[WhiteElo "2916"]
[BlackElo "2667"]
[TimeControl "180+1"]
[EndTime "14:30:20 PDT"]
[Termination "tdf98pantani won by resignation"]

1. e4 c5 2. a4 a5 3. Nc3 e6 4.
Bb5 Nc6 5. Bxc6 bxc6 6. d3 d5 7. f4 Ba6 8. Nf3 f6 9. O-O Ne7 10. Kh1 Qd7 11. b3 Ng6 12. Qe1 Be7 13. h4 O-O 14. h5 Nh8 15. g4 c4 16. bxc4 Bb4 17.
Bd2 dxc4 18. d4 e5 19. dxe5 Qxg4 20. f5 Qxh5+ 21. Kg2 Qg4+ 22. Kf2 fxe5 23. Rg1 Qh5 24. Rg5 Qh6 25. Rg4 Qf6 26. Bg5 Qd6 27. Rd1 Qc5+ 28. Kg2 Ra7 29. Be3 Qe7 30. Bxa7 Qxa7 31. Ng5 Bc8 32. Qg3 Qe7 33. Ne2 g6 34. Rh4 h5 35.
Rdh1 Qg7 36. fxg6 Bg4 37. Rxg4 hxg4 38. Rxh8+ Qxh8 39. Qxg4 Qf6 40. Ng3 Qxg6 41. Qh4 Bd2 42. Nf3 Bf4 43. Qh3 Qxg3+ 44. Qxg3+ Bxg3 45. Kxg3 Rb8 46. Nxe5 Rb4 47. c3 Rxa4 48. Kf4 Ra3 49. Nxc4 Ra1 50. Ke5 a4 51. Kd6 Rc1 52. e5 Rxc3 53. Nd2 Rd3+ 54. Kxc6 Rxd2 0-1

[Event "Late-Titled-Tuesday-Blitz-October-24-2023"]
[Site "Chess.com"]
[Date "2023.10.24"]
[Round "3"]
[White "jcibarra"]
[Black "KNVB"]
[Result "0-1"]
[WhiteElo "2908"]
[BlackElo "2662"]
[TimeControl "180+1"]
[EndTime "14:30:20 PDT"]
[Termination "KNVB won on time"]

1. e4 e5 2. Nf3 Nc6 3. Bb5 a6 4.
Bxc6 dxc6 5. O-O Qf6 6. d4 exd4 7. Bg5 Qd6 8. Nxd4 Be7 9. Be3 Nf6 10. f3 Qe5 11. Nd2 Nd5 12. Bf2 Nf4 13. Nc4 Qg5 14.
Bg3 Bc5 15. c3 Be6 16. Qd2 Bxc4 17. Bxf4 Qe7 18. Rfd1 O-O 19. Kh1 Rad8 20. Qe1 Bxd4 21. cxd4 f6 22. h4 Rd7 23. b3 Bf7 24. Rd2 Rfd8 25.
Rad1 Qb4 26. Qe3 a5 27. e5 Re8 28. Qf2 a4 29. exf6 gxf6 30. bxa4 Kh8 31. Rb2 Qxa4 32. Rdd2 b6 33. Kh2 Qa3 34. Rbc2 Bd5 35. h5 Qe7 36. Qh4 Qf7 37. Re2 Rde7 38. Rxe7 Rxe7 39. a3 Kg8 40.
Qg3+ Qg7 41. Qh4 Qf7 42. Rc1 Qe6 43. Qg3+ Rg7 44. Qh4 Qe2 45. Bg3 Bxf3 46. Rg1 Bd5 47. Qxf6 Qxh5+ 48. Qh4 Rg5 49. Rf1 Qxh4+ 50. Bxh4 Rxg2+ 51. Kh3 Rd2 52. Bf6 Bg2+ 0-1

[Event "Late-Titled-Tuesday-Blitz-October-24-2023"]
[Site "Chess.com"]
[Date "2023.10.24"]
[Round "3"]
[White "whiteglovethief"]
[Black "jimis98"]
[Result "1-0"]
[WhiteElo "2525"]
[BlackElo "2747"]
[TimeControl "180+1"]
[EndTime "14:30:21 PDT"]
[Termination "whiteglovethief won by resignation"]

1. d4 e6 2. c4 d5 3. Nf3 Nf6 4. g3 Bb4+ 5. Bd2 Be7 6. Bg2 O-O 7. O-O c6 8. Qc2 Nbd7 9. Bf4 Ne4 10. Nbd2 f5 11.
Rfd1 Bf6 12. Nxe4 fxe4 13. Ne5 Qe7 14. f3 Bxe5 15. Bxe5 Nxe5 16. dxe5 exf3 17. exf3 b6 18. cxd5 cxd5 19. f4 Bb7 20. Rac1 Rac8 21. Qb3 Rc5 22.
Qa3 Rfc8 23. Bf3 g5 24. fxg5 Qxg5 25. Rxc5 Rxc5 26. Rf1 Rc2 27. Bxd5 Rc5 28. Bxb7 Qxe5 29. Qf3 Qd4+ 30. Kh1 Rf5 31. Qg2 Rxf1+ 32. Qxf1 Qxb2 33. Qc4 Kf7 34. Be4 h6 35. Bf5 Qa1+ 36. Kg2 Qe5 37.
Be4 Kf6 38. Qd3 Qb2+ 39. Qc2 Qd4 40. Qf2+ Ke5 41. Qxd4+ Kxd4 42. Kf3 b5 43. g4 a5 44.
h4 b4 45. g5 hxg5 46. hxg5 Ke5 47. Bc2 a4 48. Bxa4 Kf5 49. Bb3 Kxg5 50. Ke4 Kf6 51. Kd4 1-0

[Event "Late-Titled-Tuesday-Blitz-October-24-2023"]
[Site "Chess.com"]
[Date "2023.10.24"]
[Round "3"]
[White "Bauman_Guy"]
[Black "karinachess1"]
[Result "1-0"]
[WhiteElo "2917"]
[BlackElo "2643"]
[TimeControl "180+1"]
[EndTime "14:30:23 PDT"]
[Termination "Bauman_Guy won by resignation"]

1. e4 e5 2. Nf3 Nc6 3. Bb5 Nf6 4.
O-O Nxe4 5. Re1 Nd6 6. a4 Be7 7. Nc3 a6 8. Bf1 O-O 9. d4 Nxd4 10. Nxd4 exd4 11. Nd5 Bf6 12. Bf4 Ne8 13. Rxe8 Qxe8 14. Nxf6+ gxf6 15. Bd3 d6 16. Qh5 f5 17. Qg5+ Kh8 18. Qf6+ Kg8 19. Qxd4 f6 20. Qc3 Qf7 21. Re1 Kg7 22. Re3 Be6 23. h4 Rae8 24. Rg3+ Kh8 25.
Bg5 c6 26. h5 Bd7 27. h6 d5 28.
Bh4 Qe6 29. Kh2 Qe5 30. Qb4 Rg8 31. Qxb7 Qd6 32. Qxd7 Qxd7 33. Bxf6+ Rg7 34. Bxg7+ Kg8 35. Bd4+ Kf8 36. Bc5+ Re7 37. Rg7 Qc7+ 38. g3 Qa5 39. Bxe7+ Ke8 40. Bxf5 Qd2 41. Kg2 Qd4 42. Bg5 Qe5 43.
Bxh7 d4 44. Bd3 Qd5+ 45. Kh2 Qf3 46. Kh3 Qh5+ 47. Bh4 Qf3 48. h7 Qh1+ 49. Kg4 Qd1+ 50. Kg5 Qd2+ 51. Kg6 Qh6+ 52. Kxh6 1-0

[Event "Late-Titled-Tuesday-Blitz-October-24-2023"]
[Site "Chess.com"]
[Date "2023.10.24"]
[Round "3"]
[White "Miguelitro69"]
[Black "GianmarcoVaR"]
[Result "0-1"]
[WhiteElo "2303"]
[BlackElo "2691"]
[TimeControl "180+1"]
[EndTime "14:30:23 PDT"]
[Termination "GianmarcoVaR won on time"]

1. e4 c5 2. Nf3 d6 3. d4 cxd4 4.
Nxd4 Nf6 5. Nc3 a6 6. Bc4 e6 7. Bb3 b5 8. Be3 Be7 9. f3 O-O 10. Qe2 Qc7 11. g4 b4 12. Na4 Bd7 13. O-O-O Nc6 14.
Kb1 Rfc8 15. h4 Ne5 16. h5 Qa5 17. g5 Ne8 18. g6 Bxa4 19. gxf7+ Nxf7 20. Bxe6 Bf6 21. h6 Bb5 22. Qg2 Bc4 23. b3 Bxd4 24. Bxf7+ Bxf7 25. Bxd4 g6 26. f4 Rc6 27. f5 Qc7 28. Rd2 a5 29.
Qh2 a4 30. e5 dxe5 31. Bxe5 Qa5 32. Rd7 axb3 33. cxb3 Rca6 34. a4 bxa3 35. Rxf7 a2+ 36. Ka1 Kxf7 37. fxg6+ Rxg6 38. Rf1+ Kg8 39. Qf4 Nf6 40.
Bxf6 Qd5 41. Bb2 Re8 42. Kxa2 Qa5+ 43. Kb1 Qd5 44. Qc4 Qxc4 45. bxc4 Rb8 46. Kc2 Rg2+ 47. Kc3 Rgxb2 48. Rg1+ Kh8 49. Rg7 R2b3+ 50. Kd4 Rh3 51. Rb7 Rxb7 52. c5 Rxh6 0-1

[Event "Late-Titled-Tuesday-Blitz-October-24-2023"]
[Site "Chess.com"]
[Date "2023.10.24"]
[Round "3"]
[White "acertijo08"]
[Black "randy296"]
[Result "1-0"]
[WhiteElo "2349"]
[BlackElo "2070"]
[TimeControl "180+1"]
[EndTime "14:30:23 PDT"]
[Termination "acertijo08 won on time"]

1. e4 c5 2. Nf3 d6 3. d4 cxd4 4.
Nxd4 Nf6 5. Nc3 g6 6. Be3 Bg7 7. f3 O-O 8. Qd2 Nc6 9. O-O-O Nxd4 10. Bxd4 Be6 11. Kb1 Qc7 12. g4 Rfc8 13. h4 b5 14. h5 b4 15. Nd5 Bxd5 16. exd5 Nxd5 17. Bxg7 Kxg7 18. hxg6 fxg6 19. Qh6+ Kf6 20. g5+ Ke5 21. Qg7+ Nf6 22. Bd3 b3 23. axb3 Rg8 24. Rhe1+ Kf4 25.
Qf7 Rgf8 26. Qe6 Kxg5 27. Rg1+ Kh6 28. f4 Qd7 29. Qe3 Kg7 30. f5 Rac8 31. fxg6 h6 32. Rh1 Ng4 33. Qd4+ e5 34. Qg1 Nf2 35. Qh2 Ng4 36.
Qh3 Qe6 37. Rdg1 Rf4 38. Be2 Qf5 39. Bd3 e4 40. Be2 Qc5 41. c3 Qg5 42. Bxg4 Rxg4 43.
Rxg4 Qd2 44. Rg2 Qf4 45. Qd7+ Kf6 46. Qxc8 Qf3 47. Rgg1 Ke5 48. Rf1 Qg2 49. Qe8+ Kd5 50. Qf7+ Kc5 51. Qc4+ Kb6 52. Rhg1 1-0

[Event "Late-Titled-Tuesday-Blitz-October-24-2023"]
[Site "Chess.com"]
[Date "2023.10.24"]
[Round "3"]
[White "JuniorJumper"]
[Black "WindWhistler11"]
[Result "1-0"]
[WhiteElo "2627"]
[BlackElo "2430"]
[TimeControl "180+1"]
[EndTime "14:30:24 PDT"]
[Termination "JuniorJumper won by checkmate"]

1. d4 e6 2. c4 Nf6 3. Nc3 c5 4.
d5 exd5 5. cxd5 Bd6 6. e4 O-O 7. f4 Nxe4 8. Nxe4 Re8 9. Qe2 f5 10. Nxd6 Rxe2+ 11. Bxe2 Qf8 12. Nxc8 Qxc8 13. Nf3 d6 14. O-O Nd7 15. Re1 Nf6 16. Bd3 Qd7 17. b3 Re8 18. Bb2 Rxe1+ 19. Rxe1 b5 20. Bxf6 gxf6 21. Re6 Kf7 22. Bxf5 Qb7 23. Rxd6 Qb8 24. Rd7+ Kf8 25. d6 c4 26. Nd4 Qb6 27. Rd8+ Kf7 28.
Rd7+ Kf8 29. Rd8+ Kg7 30. Rd7+ Kg8 31. Bxh7+ Kh8 32. h3 Qxd4+ 33. Kh1 Qxf4 34. bxc4 bxc4 35. Bg6 Qf1+ 36. Kh2 Qf4+ 37. Kh1 c3 38. Rh7+ Kg8 39. d7 Qd2 40. Bc2 Qc1+ 41. Kh2 Qf4+ 42. Kh1 Qf1+ 43.
Kh2 Qf4+ 44. Kh1 Qd4 45. Re7 Qd2 46. Re8+ Kg7 47. d8=Q Qc1+ 48. Bd1 c2 49. Rg8+ Kh7 50. Rh8+ Kg6 51. Qe8+ Kf5 52. Rh5+ Kf4 53. Rh4+ Kg3 54. Rg4+ Kf2 55. Qe2# 1-0

[Event "Late-Titled-Tuesday-Blitz-October-24-2023"]
[Site "Chess.com"]
[Date "2023.10.24"]
[Round "3"]
[White "ChuckPhil"]
[Black "TheMagician"]
[Result "1-0"]
[WhiteElo "2529"]
[BlackElo "2173"]
[TimeControl "180+1"]
[EndTime "14:30:24 PDT"]
[Termination "ChuckPhil won on time"]

1. e4 c5 2. Nf3 d6 3. d4 cxd4 4. Nxd4 Nf6 5. Nc3 a6 6. Rg1 e5 7. Nb3 h5 8. h3 Be6 9. g4 hxg4 10. hxg4 d5 11. exd5 Nxd5 12. Nxd5 Qxd5 13. Be3 Qxd1+ 14. Rxd1 Bxb3 15. axb3 Nc6 16. c3 Rd8 17. Rxd8+ Kxd8 18. Bc4 f6 19. Ke2 Kc7 20. Bd5 Be7 21. Rh1 Rxh1 22.
Bxh1 b5 23. Kd3 Kd6 24. Ke4 Ke6 25. Bg2 g6 26. Bh3 Na5 27. b4 Nc4 28. Bc1 Nd6+ 29. Kd3 f5 30. gxf5+ gxf5 31. Be3 Kd5 32. Bc5 e4+ 33.
Kc2 f4 34. Bd7 Bh4 35. b3 f3 36. Kd2 Bg5+ 37. Kd1 Ke5 38. Bc6 Bh4 39. Ke1 Nf5 40. Kd2 Kf4 41. Bb7 Bxf2 42. Bxf2 e3+ 43. Bxe3+ Nxe3 44. Ke1 Kg3 45. Bxf3 Kxf3 46. Kd2 Ke4 47. Ke2 Nd5 48.
Kd2 Nxb4 49. cxb4 Kd4 50. Kc2 Ke3 51. Kc3 Ke4 52. Kc2 1-0

[Event "Late-Titled-Tuesday-Blitz-October-24-2023"]
[Site "Chess.com"]
[Date "2023.10.24"]
[Round "3"]
[White "iJueles"]
[Black "aranibos"]
[Result "1/2-1/2"]
[WhiteElo "2464"]
[BlackElo "2280"]
[TimeControl "180+1"]
[EndTime "14:30:24 PDT"]
[Termination "Game drawn by repetition"]

1. d4 Nf6 2. c4 c5 3. d5 b5 4. cxb5 a6 5. bxa6 g6 6. Nc3 Bxa6 7. e4 Bxf1 8. Kxf1 d6 9. Nge2 Bg7 10. g3 O-O 11. Kg2 Nbd7 12. Qc2 Qa5 13. h3 Ne8 14. Bd2 Nc7 15. Rhb1 Rfb8 16. Nd1 Qa6 17. Bc3 Bxc3 18. Nexc3 c4 19. Ne3 Ne5 20. b3 cxb3 21. Rxb3 Rxb3 22. Qxb3 Nd3 23. a4 Nc5 24. Qc4 Qc8 25. e5 N7a6 26.
exd6 exd6 27. Nb5 Qd8 28. Qf4 Nc7 29. Nxd6 Qd7 30. Rc1 Nd3 31. Qf6 Nxc1 32. Nef5 gxf5 33. Nxf5 Qxd5+ 34. Kh2 Qxf5 35. Qxf5 Ne6 36. a5 Nb3 37. a6 Nbc5 38. Qg4+ Kf8 39. Qh4 Kg8 40. Qg4+ Kf8 41. Qh4 Kg8 42. Qh5 Rxa6 43. Qd5 Rb6 44.
h4 h6 45. g4 Rb4 46. f3 Rb2+ 47. Kg3 Rb3 48. g5 hxg5 49. hxg5 Kg7 50. Qe5+ Kg8 51. Kg4 Rb4+ 52. Kg3 Rf4 53. Qd5 Rd4 54. Qe5 Rf4 55.
Qd5 Rd4 56. Qe5 Rf4 1/2-1/2

[Event "Late-Titled-Tuesday-Blitz-October-24-2023"]
[Site "Chess.com"]
[Date "2023.10.24"]
[Round "3"]
[White "marik_spb"]
[Black "nitpicker"]
[Result "1-0"]
[WhiteElo "2392"]
[BlackElo "2248"]
[TimeControl "180+1"]
[EndTime "14:30:24 PDT"]
[Termination "marik_spb won by checkmate"]

1. d4 Nf6 2. c4 e6 3. Nf3 d5 4.
g3 Bb4+ 5. Bd2 Be7 6. Bg2 c6 7. O-O O-O 8. b3 b6 9. Qc2 Bb7 10. Nc3 Nbd7 11. Rac1 Rc8 12. e4 Ba6 13. e5 Ne8 14.
Rfe1 dxc4 15. Ne4 cxb3 16. axb3 h6 17. Qa2 Bb5 18. h4 a5 19. Nh2 Nc7 20. Ng4 f5 21.
exf6 Nxf6 22. Nexf6+ Bxf6 23. Bxc6 Bxd4 24. Bxb5 Nxb5 25.
Rxe6 Rxc1+ 26. Bxc1 Qc8 27. b4 Qxc1+ 28. Re1+ Kh8 29.
Rxc1 h5 30. Ne3 Nc3 31. Qd2 axb4 32. Kg2 Bc5 33. Rxc3 bxc3 34. Qxc3 Rf7 35. Qe5 Kh7 36.
Qxh5+ Kg8 37. Qd5 g6 38. g4 Kg7 39. Kg3 Re7 40. h5 Bxe3 41. fxe3 gxh5 42. Qg5+ Kf8 43. Qh6+ Kg8 44. gxh5 Rg7+ 45. Kf4 b5 46. Qe6+ Kf8 47. Qc8+ Kf7 48. Qb7+ Kf6 49. Qb6+ Kf7 50. Qxb5 Kf8 51. Qb8+ Kf7 52. Kf5 Ke7 53. Qc7+ Kf8 54. Qd8+ Kf7 55. Qf6+ Kg8 56. h6 Rf7 57. Qxf7+ Kxf7 58. e4 Ke7 59. e5 Kd7 60. h7 Kc6 61. h8=Q Kd5 62. Qf6 Kd4 63. Qe6 Ke3 64. Qd6 Kf3 65. e6 Ke3 66. e7 Ke2 67. e8=Q+ Kf2 68. Qf6 Kf3 69. Qee5 Kf2 70. Ke6+ Kg2 71. Qeg5+ Kh3 72. Qfh6# 1-0

[Event "Late-Titled-Tuesday-Blitz-October-24-2023"]
[Site "Chess.com"]
[Date "2023.10.24"]
[Round "3"]
[White "nochewycandy"]
[Black "egnfanclub"]
[Result "1-0"]
[WhiteElo "2758"]
[BlackElo "2370"]
[TimeControl "180+1"]
[EndTime "14:30:25 PDT"]
[Termination "nochewycandy won on time"]

1. e4 e5 2. Nf3 Nc6 3. Bb5 a6 4. Ba4 d6 5. c3 f5 6. d3 Be7 7.
a3 Nf6 8. Bb3 d5 9. Nbd2 O-O 10.
O-O Kh8 11. Qe2 dxe4 12. dxe4 f4 13. h3 Qe8 14. Bd5 Qh5 15. Re1 Nd8 16. Nh2 Qxe2 17. Rxe2 c6 18. Ba2 c5 19. Nhf3 Nc6 20. Bd5 Bd6 21.
Nc4 Bc7 22. Bxc6 bxc6 23. Ncxe5 Nd7 24. Nxd7 Bxd7 25. Bd2 Be6 26. Ree1 Rab8 27. b4 cxb4 28. axb4 Bc4 29. Nd4 Rf6 30. e5 Rg6 31. Bxf4 Bd5 32. Bg3 h5 33. h4 Rg4 34. Kh2 Bb6 35. Rxa6 Bxd4 36. cxd4 Rxd4 37. e6 Re8 38. e7 Re4 39. Rxe4 Bxe4 40. Bd6 Bd5 41. f3 Kg8 42. Bc5 Kf7 43.
Kg3 Ke6 44. Ra1 Kf5 45. Re1 g5 46. hxg5 Kxg5 47. Kf2 Kf5 48. Rh1 Kg5 49. Ke3 Ra8 50. Kd4 Kg6 51. Ke5 Bf7 52. Kd6 Bd5 53. Re1 Kf7 54. g4 hxg4 55. fxg4 Re8 56. Rf1+ Kg6 57. Kd7 1-0

[Event "Late-Titled-Tuesday-Blitz-October-24-2023"]
[Site "Chess.com"]
[Date "2023.10.24"]
[Round "3"]
[White "MaxLeto"]
[Black "matagordo"]
[Result "1-0"]
[WhiteElo "2554"]
[BlackElo "2287"]
[TimeControl "180+1"]
[EndTime "14:30:25 PDT"]
[Termination "MaxLeto won by resignation"]

1. g4 e6 2. Bg2 d5 3. d4 c5 4. c3 Nc6 5. Nf3 Bd6 6. Be3 Nf6 7. dxc5 Bc7 8. h3 e5 9. Nbd2 Be6 10. Bg5 h6 11. Bh4 g5 12. Bg3 Qe7 13. b4 a5 14.
b5 Nd8 15. Nxe5 Qxc5 16. Nd3 Qe7 17. Bxc7 Qxc7 18. Rc1 a4 19. Nf3 Qb6 20. Nd4 h5 21. gxh5 Rxh5 22. e3 Rh8 23. Nb4 Qd6 24. a3 Rg8 25. Qf3 Rg6 26. Nf5 Bxf5 27. Qxf5 Qe6 28. Qf3 g4 29. hxg4 Rc8 30. Rh8+ Ke7 31. Nxd5+ Nxd5 32. Qxd5 Qxg4 33. Bf3 Qg1+ 34. Kd2 Qg5 35. Ke2 Qxd5 36.
Bxd5 Rd6 37. c4 Rc7 38. e4 Ne6 39. e5 Rxd5 40. cxd5 Nd4+ 41. Kd3 Rxc1 42. Kxd4 Rd1+ 43. Kc5 Rc1+ 44. Kb6 Rc3 45. Kxb7 Rxa3 46. b6 Rb3 47. Kc6 a3 48. b7 a2 49. Ra8 Rb2 50. Rxa2 Rxa2 51.
b8=Q Rc2+ 52. Kb7 Rb2+ 53. Kc8 Rc2+ 54. Qc7+ Rxc7+ 55. Kxc7 f5 56. d6+ Ke8 57. d7+ Ke7 58. d8=Q+ 1-0

[Event "Late-Titled-Tuesday-Blitz-October-24-2023"]
[Site "Chess.com"]
[Date "2023.10.24"]
[Round "3"]
[White "muchojogo"]
[Black "alexrustemov"]
[Result "0-1"]
[WhiteElo "2538"]
[BlackElo "2785"]
[TimeControl "180+1"]
[EndTime "14:30:26 PDT"]
[Termination "alexrustemov won by resignation"]

1. e4 e6 2. d4 d5 3. exd5 exd5 4. Nf3 Bf5 5. Bd3 Bxd3 6. Qxd3 Nc6 7. O-O Bd6 8. c3 Nge7 9. Re1 Qd7 10. b4 a6 11. a4 O-O 12. Bg5 Qf5 13. Qxf5 Nxf5 14. Nbd2 Rfe8 15. Nb3 b6 16. Kf1 f6 17. Bd2 Kf7 18.
a5 Rxe1+ 19. Kxe1 Ra7 20. Ke2 h5 21. Kd3 g5 22. h3 h4 23. c4 dxc4+ 24. Kxc4 b5+ 25.
Kd5 Nfe7+ 26. Ke4 Nxb4 27. Bxb4 Bxb4 28. Rc1 c6 29. g3 hxg3 30. fxg3 Kg6 31. h4 g4 32. Nh2 Bd6 33. Nf1 f5+ 34. Kd3 Rc7 35. Nc5 Bxc5 36. Rxc5 Nd5 37. Ne3 Nxe3 38. Kxe3 Re7+ 39.
Kd3 Re6 40. d5 cxd5 41. Rxd5 Kf6 42. Kd4 Rc6 43. Rd8 Ke7 44. Rb8 Kd6 45. h5 Rc4+ 46. Kd3 Ke5 47. Rb6 Ra4 48. Rxa6 Ra3+ 49. Ke2 Rxg3 50.
Rb6 f4 51. Rxb5+ Ke4 52. Rb4+ Kf5 53. Ra4 f3+ 54. Ke3 Rg2 55. a6 Re2+ 56. Kd3 Re8 57. a7 f2 58. Ra1 g3 59. h6 g2 0-1

[Event "Late-Titled-Tuesday-Blitz-October-24-2023"]
[Site "Chess.com"]
[Date "2023.10.24"]
[Round "3"]
[White "IlanSchnaider"]
[Black "HajiyevKanan"]
[Result "1-0"]
[WhiteElo "2773"]
[BlackElo "2509"]
[TimeControl "180+1"]
[EndTime "14:30:26 PDT"]
[Termination "IlanSchnaider won by checkmate"]

1. e4 c6 2. Nc3 d5 3. Nf3 a6 4. d4 Bg4 5. e5 e6 6. h3 Bxf3 7. Qxf3 c5 8. dxc5 Bxc5 9. Qg3 g6 10. Bd3 Ne7 11. Bg5 Nbc6 12. Bf6 Rg8 13. O-O Qc7 14. Rae1 Bb4 15. Qh4 h5 16. a3 Bc5 17. Qg5 O-O-O 18.
b4 Bd4 19. Na4 Rde8 20. b5 axb5 21. Bxb5 Nf5 22. Qd2 Nxe5 23. Bxe5 Bxe5 24. Bxe8 Rxe8 25. Qb4 Bh2+ 26. Kh1 Bd6 27. Qb5 Qc6 28. Qa5 Kd7 29. Nb6+ Ke7 30. Nxd5+ Kf8 31. Nf6 Rc8 32. Ne4 Bc7 33.
Qb4+ Kg7 34. Qb2+ e5 35. Ng3 Nd4 36. c3 Ne6 37. Re3 Nf4 38. Rf3 e4 39. Re3 f5 40.
c4+ Kh7 41. Rd1 Bb6 42. Ree1 e3 43. f3 Qxc4 44. Qxb6 Qc2 45. Rd7+ Kh6 46. Rg1 h4 47.
Qf6 hxg3 48. Qh4+ Nh5 49. Qe7 e2 50. Qh7+ Kg5 51. Qe7+ Kh6 52. Qe3+ f4 53. Qe5 Qd1 54. Rdxd1 Re8 55. Qxe8 exd1=Q 56. Rxd1 Kg5 57. Rd5+ Kh4 58. Qe7+ g5 59. Qxg5# 1-0

[Event "Late-Titled-Tuesday-Blitz-October-24-2023"]
[Site "Chess.com"]
[Date "2023.10.24"]
[Round "3"]
[White "Cryptochess"]
[Black "santosalberto1987"]
[Result "1/2-1/2"]
[WhiteElo "2616"]
[BlackElo "2431"]
[TimeControl "180+1"]
[EndTime "14:30:26 PDT"]
[Termination "Game drawn by repetition"]

1. e4 e6 2. d4 d5 3. Nc3 Nf6 4.
Bg5 Bb4 5. exd5 Qxd5 6. Bxf6 Bxc3+ 7. bxc3 gxf6 8. Nf3 b6 9. Bd3 Bb7 10. Qe2 Nd7 11.
a4 a5 12. Bb5 O-O-O 13. Rb1 Rhg8 14. c4 Qf5 15. c5 Rxg2 16. c6 Rg4 17. cxb7+ Kxb7 18.
Bd3 Qd5 19. c4 Qc6 20. Rg1 Rxg1+ 21. Nxg1 f5 22. c5 Nf6 23. Nf3 Qxa4 24. cxb6 cxb6 25. Bb5 Qa3 26. Ne5 Rxd4 27. Bc6+ Kc7 28. Bf3 Qc3+ 29.
Kf1 Rd2 30. Qa6 Qxe5 31. Qxb6+ Kd7 32. Qc6+ Ke7 33. Rb7+ Rd7 34. Rb5 Qd6 35. Qc3 a4 36. Ra5 Rc7 37. Qb2 Ne4 38. Bxe4 fxe4 39. Rxa4 Qxh2 40.
Qb4+ Kf6 41. Qd4+ Kg6 42. Qxe4+ Kg7 43. Ra3 Rc1+ 44. Ke2 Qh5+ 45. Rf3 Rc5 46. Qd4+ Re5+ 47. Kd2 Qxf3 48. Qxe5+ Qf6 49. Qg3+ Qg6 50. Qe5+ Qf6 51. Qg3+ Kf8 52. Qb8+ Ke7 53. Qc7+ Ke8 54. Qc6+ Kd8 55. Qd6+ Ke8 56. Qc6+ Kf8 57. Qd6+ Kg8 58. Qb8+ Kg7 59. Qg3+ 1/2-1/2

[Event "Late-Titled-Tuesday-Blitz-October-24-2023"]
[Site "Chess.com"]
[Date "2023.10.24"]
[Round "3"]
[White "Nor1lsk"]
[Black "Sjakkerntobi"]
[Result "1/2-1/2"]
[WhiteElo "2717"]
[BlackElo "2509"]
[TimeControl "180+1"]
[EndTime "14:30:27 PDT"]
[Termination "Game drawn by repetition"]

1. e4 e5 2. Nf3 Nc6 3. Nc3 Nf6 4.
a3 d5 5. Bb5 d4 6. Ne2 Bd6 7.
Ng3 h5 8. Nh4 Nxe4 9. Nxe4 Qxh4 10. d3 Qg4 11. O-O Qxd1 12. Rxd1 Bd7 13. f4 O-O-O 14. Nxd6+ cxd6 15. Rf1 f6 16. Bd2 Ne7 17. Bc4 Bc6 18. b4 Bd5 19. c3 Bxc4 20. dxc4 dxc3 21. Bxc3 Kc7 22. c5 exf4 23. Rxf4 Nd5 24. Rc4 Nxc3 25. cxd6+ Kb6 26. Rxc3 Rxd6 27. a4 a6 28. a5+ Ka7 29.
Rc7 Rg8 30. Re1 Rd4 31. Rb1 g5 32. b5 axb5 33. Rxb5 Rb8 34. Rb6 Rd5 35. Rxf6 Rxa5 36. h3 h4 37. Rg6 Rd8 38. Rc1 Rd2 39. Rb1 Raa2 40. Rxg5 Rab2 41. Ra1+ Ra2 42. Rb1 Rab2 43. Ra1+ Ra2 44. Rf1 Ra4 45. Kh2 Ka6 46. Rg4 Rxg4 47. hxg4 b5 48. Kh3 b4 49. Kxh4 Rxg2 50. g5 b3 51. Kh5 Kb5 52. g6 Rxg6 53. Kxg6 Kc4 54. Kf5 b2 55. Ke4 Kc3 56. Rf3+ Kd2 57. Rf2+ Kc3 58.
Rf1 Kc2 59. Rf2+ Kc3 60. Rf1 Kc2 61. Rf2+ Kc3 1/2-1/2

[Event "Late-Titled-Tuesday-Blitz-October-24-2023"]
[Site "Chess.com"]
[Date "2023.10.24"]
[Round "3"]
[White "Atanejhad"]
[Black "Nekoo04"]
[Result "1-0"]
[WhiteElo "2391"]
[BlackElo "2244"]
[TimeControl "180+1"]
[EndTime "14:30:27 PDT"]
[Termination "Atanejhad won by resignation"]

1. d4 d5 2. c4 e6 3. Nc3 Nf6 4. Bg5 Be7 5. e3 Nbd7 6. Nf3 c6 7. Bd3 dxc4 8. Bxc4 b5 9. Bd3 a6 10. O-O Bb7 11.
Rc1 O-O 12. Qe2 c5 13. Rfd1 Bxf3 14. Qxf3 cxd4 15. exd4 Nb6 16. h3 Nfd5 17. Bxe7 Qxe7 18. Ne4 Rfd8 19. Qh5 Nb4 20. Ng5 h6 21. Bh7+ Kh8 22. Be4 Qxg5 23. Qxg5 hxg5 24. Bxa8 Rxa8 25. a3 N4d5 26.
Rc6 Kg8 27. g3 Kf8 28. b3 Ke7 29. Rdc1 Kd7 30. Kg2 Rc8 31. Rxc8 Nxc8 32. a4 b4 33. Rc5 Nd6 34. f3 Nb7 35. Rc1 Nc3 36. h4 Na5 37.
hxg5 Nxb3 38. Rh1 Nxd4 39. Rc1 Nce2 40. Rd1 b3 41. Kf2 b2 42. Ke3 Kc6 43. Rb1 Nc3 44.
Rxb2 Nxa4 45. Ra2 Nb5 46. Rxa4 Kb6 47. Rc4 Nc7 48. Rc1 Nd5+ 49. Kd4 a5 50. f4 a4 51. f5 Ka5 52. g6 fxg6 53. fxe6 1-0

[Event "Late-Titled-Tuesday-Blitz-October-24-2023"]
[Site "Chess.com"]
[Date "2023.10.24"]
[Round "3"]
[White "Willi_Skibbe"]
[Black "ExchangeAB"]
[Result "1-0"]
[WhiteElo "2236"]
[BlackElo "2513"]
[TimeControl "180+1"]
[EndTime "14:30:32 PDT"]
[Termination "Willi_Skibbe won by resignation"]

1. d4 d6 2. e4 g6 3. c4 Bg7 4.
Nc3 c6 5. Be3 Qc7 6. Nf3 e5 7.
d5 Ne7 8. Nd2 O-O 9. Be2 c5 10.
O-O f5 11. f4 a6 12. a4 Nd7 13. Bd3 exf4 14. Bxf4 Ne5 15. Qc2 Bd7 16. Rae1 Rae8 17.
exf5 Nxf5 18. Nde4 Nd4 19. Qd1 Bg4 20. Qb1 Bf5 21.
Bxe5 Rxe5 22. Ng5 Qe7 23. Bxf5 Qxg5 24. Rxe5 Bxe5 25. Be6+ Nxe6 26. dxe6 Qe3+ 27. Kh1 Bxc3 28. bxc3 Rxf1+ 29. Qxf1 Qxe6 30. h3 Qe4 31. a5 Kg7 32.
Kh2 h5 33. h4 Qxh4+ 34. Kg1 Qe4 35. Kh2 h4 36. Qd1 Qf4+ 37. Kh1 g5 38. Qd5 Qf1+ 39.
Kh2 Qf4+ 40. Kh1 Qc1+ 41. Kh2 Qxc3 42. Qxb7+ Kh6 43. Qf7 Qg3+ 44. Kh1 Qe1+ 45. Kh2 Qe5+ 46. Kh1 g4 47. Qf8+ Kg5 48. Qg8+ Kf5 49. Qh7+ Kf4 50. Qxh4 Qa1+ 51. Kh2 Qxa5 52. Qf6+ Ke4 53. Qxd6 Qb4 54. Qd5+ Ke3 55. Qg5+ Kd4 56. Qxg4+ Kc3 57. Qf3+ Kxc4 58.
g4 Kb5 59. Kh3 a5 60. g5 a4 61. g6 Qb2 62. Qb7+ Kc4 63. Qxb2 1-0

[Event "Late-Titled-Tuesday-Blitz-October-24-2023"]
[Site "Chess.com"]
[Date "2023.10.24"]
[Round "3"]
[White "Makswolf200817"]
[Black "ItalianMachine"]
[Result "1-0"]
[WhiteElo "2619"]
[BlackElo "2421"]
[TimeControl "180+1"]
[EndTime "14:30:33 PDT"]
[Termination "Makswolf200817 won by checkmate"]

1. e4 e5 2. Nf3 Nc6 3. Bc4 Nf6 4.
d3 Be7 5. O-O O-O 6. c3 d6 7. Re1 Na5 8. Bb5 a6 9. Ba4 b5 10. Bc2 c5 11. d4 Qc7 12. Nbd2 cxd4 13. cxd4 Nc6 14. d5 Nb4 15. Bb1 a5 16. a4 bxa4 17. Rxa4 Bd7 18. Ra3 Rfc8 19. Rc3 Qb7 20. h3 Rc7 21. Nc4 Ne8 22. Be3 Bb5 23. Na3 Ba6 24. Qa4 Rxc3 25. bxc3 Nd3 26. Bxd3 Bxd3 27. Rd1 Be2 28. Rb1 Qc7 29. c4 Bd3 30. Rc1 Bxe4 31. Nd2 Bg6 32. Nb5 Qd7 33. Ra1 Nc7 34. Na7 Qxa4 35.
Rxa4 Bd8 36. Rxa5 Ne6 37. Rb5 Nd4 38. Bxd4 exd4 39. Nc6 Bg5 40. Nf3 Bf4 41. g3 Be5 42.
Ncxd4 Be4 43. Kh2 h6 44. Nxe5 dxe5 45. Ne2 Ra1 46. g4 Bd3 47. Ng3 Bxc4 48. Rc5 Ra4 49. d6 Be6 50. Rxe5 Rd4 51. Ne4 Kf8 52. Kg3 Ke8 53.
f3 Kd7 54. Ra5 Bd5 55. Ra7+ Kc6 56. Ra6+ Kd7 57. Nc5+ Kd8 58. Rb6 Rc4 59. Rb8# 1-0